 Dungeon Crawl Stone Soup version 0.19-a0-867-g949743d (webtiles) character file.

1474 matakusis the Covert (level 8, -10/62 HPs)
             Began as a Naga Venom Mage on July 3, 2016.
             Mangled by Menkaure (21 damage)
             ... on level 5 of the Dungeon.
             The game lasted 00:24:38 (4608 turns).

matakusis the Covert (Naga Venom Mage)              Turns: 4608, Time: 00:24:39

Health: -10/62     AC: 15    Str: 11    XL:     8   Next: 78%
Magic:  16/20      EV: 10    Int: 16    God:
Gold:   225        SH:  0    Dex: 12    Spells: 3 memorised, 3 levels left

rFire  . . .     SeeInvis +     n - +4 dagger (protect)
rCold  . . .     Gourm    .     a - +0 robe
rNeg   . . .     Faith    .     (no shield)
rPois  +         Spirit   .     (no helmet)
rElec  .         Dismiss  .     d - +0 cloak
rCorr  .         Reflect  .     p - +1 pair of gloves
SustAt .         Harm     .     (no barding)
MR     +....                    q - amulet of regeneration
Stlth  ++++++....               (no ring)
                                k - ring of magical power

@: very slow, somewhat resistant to hostile enchantments, very stealthy
A: rough black scales 1, see invisible, deformed body, poison resistance,
slowness 2, slow metabolism 1, spit poison 2, subdued magic 1, AC +2
a: Spit Poison


You were on level 5 of the Dungeon.
You were hungry.

You visited 1 branch of the dungeon, and saw 5 of its levels.

You collected 225 gold pieces.

Inventory:

Hand Weapons
 n - a +4 dagger of protection (weapon)
Missiles
 r - a throwing net (quivered)
Armour
 a - a +0 robe (worn)
 d - a +0 cloak (worn)
 e - a +0 shield
 p - a +1 pair of gloves (worn)
Jewellery
 k - a ring of magical power (left hand)
 q - an amulet of regeneration (around neck)
 s - an uncursed amulet of harm
 u - an uncursed amulet of dismissal
 v - an uncursed amulet of the gourmand
Scrolls
 f - a scroll of fear
 h - 2 scrolls of recharging
 l - a scroll of enchant weapon
 o - 4 scrolls of identify
Books
 b - a Young Poisoner's Handbook

   Spells                             Type                      Level
   a - Sting                          Conjuration/Poison           1
   b - Mephitic Cloud                 Conjuration/Poison/Air       3
   c - Olgreb's Toxic Radiance        Poison                       4
   d - Alistair's Intoxication        Transmutation/Poison         5
   e - Venom Bolt                     Conjuration/Poison           5
Comestibles
 c - 3 bread rations
 g - 3 beef jerkies
 j - 3 chunks of flesh
 m - 4 fruits


   Skills:
 - Level 1.5 Dodging
 * Level 13.6 Stealth
 - Level 2.0 Spellcasting
 + Level 9.0 Poison Magic


You had 3 spell levels left.
You knew the following spells:

 Your Spells              Type           Power        Failure   Level  Hunger
a - Sting                 Conj/Pois      ##..         2%          1    #......
b - Olgreb's Toxic Radia  Pois           ###.....     4%          4    #####..
c - Mephitic Cloud        Conj/Pois/Air  #.......     14%         3    ###....


Dungeon Overview and Level Annotations

Branches:
Dungeon (5/15)
 Temple: D:4-7

Altars:

Shops:
D:5 =}}

Annotations:
D:5 Menkaure


Innate Abilities, Weirdness & Mutations

You cannot wear boots.
Your serpentine skin is tough. (AC +2)
You have supernaturally acute eyesight. (SInv)
Armour fits poorly on your strangely shaped body.
Your system is resistant to poisons. (rPois)
You cover ground very slowly.
You have a slow metabolism.
You can spit poison.
You are partially covered in rough black scales. (AC +4, Dex -1)
Your spells are a little easier to cast, but a little less powerful.


Message History

You begin to radiate toxic energy.
Menkaure closely misses you.
Casting: Olgreb's Toxic Radiance
Confirm with . or Enter, or press ? or * to list all spells.
You can't see any susceptible monsters within range! (Use Z to cast anyway.) Unknown command.
Casting: Olgreb's Toxic Radiance
Confirm with . or Enter, or press ? or * to list all spells.
You can't see any susceptible monsters within range! (Use Z to cast anyway.) Unknown command.
You hit Menkaure.
Menkaure is almost destroyed.
Menkaure hits you.
* * * LOW HITPOINT WARNING * * *
You hit Menkaure.
Menkaure is almost destroyed.
Your toxic aura wanes.
Menkaure hits you!
* * * LOW HITPOINT WARNING * * *
Menkaure hits you!!
You die...

...........#
..........##
..........#
..........# ♣♣♣♣♣####
..........# ♣♣.PP♣#<.
..........# ♣♣.∩..♣#.#
#####.##### ♣.....♣#.#
#.# ♣.∩.⌠.∩..# #.#
♣P.@M.♣#.# #### #.#
♣♣.∩.P♣#.# ...# ###
#.# #####♣♣.PP♣#.#
...# .<. #)# #...#
♣♣♣♣♣#M# ...# ...##.#
#.#.########.# ...####
......# #..........#p#
)...... #.....#
#.......##.#.####†...#
#.....#
#...............M)...#
#.....#
#(...........#####.#.#


You could see Menkaure.

Vanquished Creatures
  Pikel (D:5)
  The ghost of grendalor the Magician, an amateur OpWz (D:4)
  A sky beast (D:5)
  An ogre (D:5)
  A phantom (D:3)
  A centaur (D:5)
  2 scorpions
  2 orc priests
  A centaur skeleton (D:5)
  Crazy Yiuf (D:2)
  2 worker ants (D:4)
  2 orc wizards (D:4)
  A hound skeleton (D:4)
  4 gnolls (D:4)
  4 adders
  An ooze (D:2)
  4 worms
  2 dart slugs (D:1)
  2 giant geckos (D:1)
  17 orcs
  5 bats
  5 giant cockroaches
  10 goblins
  4 hobgoblins (D:3)
  6 jackals
  A quokka (D:2)
  4 ball pythons
  A giant gecko skeleton (D:4)
  11 giant newts
  A jackal skeleton (D:4)
  12 kobolds
  3 rats
114 creatures vanquished.

Notes
Turn   | Place    | Note
-------+----------+-------------------------------------------
     0 | D:1      | matakusis the Naga Venom Mage began the quest for the Orb.
     0 | D:1      | Reached XP level 1. HP: 15/15 MP: 3/3
   236 | D:1      | Reached XP level 2. HP: 22/22 MP: 1/5
   706 | D:1      | Reached skill level 4 in Stealth
   923 | D:1      | Reached XP level 3. HP: 24/28 MP: 2/6
  1206 | D:2      | Found a runed door.
  1231 | D:2      | Reached skill level 5 in Stealth
  1489 | D:2      | Reached XP level 4. HP: 36/36 MP: 5/7
  1508 | D:2      | Reached skill level 6 in Stealth
  1877 | D:2      | Noticed Crazy Yiuf
  1882 | D:2      | Killed Crazy Yiuf
  2027 | D:3      | Noticed a phantom
  2063 | D:3      | Reached skill level 7 in Stealth
  2063 | D:3      | Reached XP level 5. HP: 31/42 MP: 1/8
  2558 | D:3      | Killed a phantom
  2558 | D:3      | Reached skill level 8 in Stealth
  2558 | D:3      | Reached XP level 6. HP: 18/49 MP: 9/9
  3062 | D:3      | Learned a level 4 spell: Olgreb's Toxic Radiance
  3066 | D:3      | Learned a level 3 spell: Mephitic Cloud
  3076 | D:3      | Reached skill level 9 in Stealth
  3594 | D:4      | Noticed grendalor's ghost (amateur OpWz)
  3646 | D:4      | Killed grendalor's ghost
  3646 | D:4      | Reached skill level 10 in Stealth
  3646 | D:4      | Reached XP level 7. HP: 20/55 MP: 10/10
  4009 | D:4      | Reached skill level 11 in Stealth
  4379 | D:5      | Entered Level 5 of the Dungeon
  4434 | D:5      | Reached skill level 12 in Stealth
  4434 | D:5      | Reached XP level 8. HP: 52/62 MP: 11/11
  4443 | D:5      | Gained mutation: Your spells are a little easier to cast, but a little less powerful. [mutagenic meat]
  4446 | D:5      | Gained mutation: You are partially covered in rough black scales. (AC +4, Dex -1) [mutagenic meat]
  4536 | D:5      | Noticed Pikel
  4562 | D:5      | Killed Pikel
  4562 | D:5      | Reached skill level 13 in Stealth
  4589 | D:5      | Noticed Menkaure
  4599 | D:5      | Found Bairhe's Jewellery Shoppe.
  4599 | D:5      | Found Maorghil's Gadget Shop.
  4600 | D:5      | Found Ofuqu's Gadget Shop.
  4608 | D:5      | Mangled by Menkaure

Vault maps used:
D:1:      lemuel_arrival_room
D:2:      uniq_crazy_yiuf_cottage
D:3:      first_bread
D:5:      minmay_shop_grove, dancing_weapons_uskayaw, portal_sewer_entry_a,
          uniq_pikel, uniq_menkaure

Skill      XL: |  1  2  3  4  5  6  7  8 |
---------------+-------------------------+-----
Stealth        | 4 5 7 8 10 12 13 | 13.6
Poison Magic   | 6 7 9 |  9.0
Dodging        | |  1.5
Spellcasting   | |  2.0

Action                   |  1- 3 |  4- 6 |  7- 9 || total
-------------------------+-------+-------+-------++-------
Melee: Short sword       |    26 |       |       ||    26
       Unarmed           |     1 |       |       ||     1
       Dagger            |    18 |   162 |    82 ||   262
 Cast: Sting             |    52 |    55 |     9 ||   116
       Olgreb's Toxic Ra |       |     2 |     7 ||     9
       Mephitic Cloud    |       |     1 |       ||     1
 Abil: Spit Poison       |       |     7 |       ||     7
  Use: Scroll            |       |     9 |     1 ||    10
       Potion            |       |     6 |     4 ||    10
 Stab: Sleeping          |     8 |     7 |     2 ||    17
       Distracted        |       |       |     1 ||     1
  Eat: Chunk             |     2 |     8 |     7 ||    17
Armor: Robe              |     7 |    66 |    59 ||   132
       Skin              |       |     1 |       ||     1
Dodge: Dodged            |    29 |    67 |    32 ||   128
